 Dungeon Crawl Stone Soup version 0.25-a0-713-g4845790 (webtiles) character file.

Game seed: 5283556333856014860, levelgen mode: deterministic

301 rednit the Covert (level 6, -6/28 HPs)
             Began as a Spriggan Enchanter on Apr 5, 2020.
             Mangled by a gnoll
             ... wielding a +0 flail
              (9 damage)
             ... on level 2 of the Dungeon.
             The game lasted 00:17:20 (3390 turns).

rednit the Covert (Spriggan Enchanter)              Turns: 3390, Time: 00:17:20

Health: -6/28      AC:  2    Str:  4    XL:     6   Next: 14%
Magic:  7/11       EV: 21    Int: 16    God:
Gold:   96         SH:  0    Dex: 19    Spells: 7/10 levels left

rFire    + . .     SeeInvis +   v - +2 dagger (venom)
rCold    + . .     Gourm    .   (shield restricted)
rNeg     . . .     Faith    .   b - +0 robe
rPois    .         Spirit   .   (helmet restricted)
rElec    .         Reflect  .   w - scarf {rC+ rF+}
rCorr    .         Harm     .   (gloves unavailable)
MR       +....                  (boots unavailable)
Stlth    +++++.....             u - amulet of the acrobat
HPRegen  0.09/turn              s - +2 ring of evasion
MPRegen  0.12/turn              (no ring)

@: very slightly contaminated, very quick
A: very small, unfitting armour, see invisible, herbivore, speed 3, slow
metabolism 2
a: no special abilities


You were on level 2 of the Dungeon.
You were not hungry.

You visited 1 branch of the dungeon, and saw 3 of its levels.

You collected 96 gold pieces.

Inventory:

Hand Weapons
 v - a +2 dagger of venom (weapon)
Missiles
 p - 34 stones (quivered)
Armour
 b - a +0 robe (worn)
 o - a +0 helmet
 w - a scarf of resistance (worn)
Jewellery
 s - a +2 ring of evasion (left hand)
 u - an amulet of the acrobat (around neck)
Wands
 t - a wand of flame (26)
Scrolls
 c - a scroll of fog {unknown}
 e - 3 scrolls of random uselessness {unknown}
 f - a scroll of identify
 i - a scroll of remove curse {unknown}
 k - a scroll of fear {unknown}
 m - 3 scrolls of amnesia {unknown}
 q - a scroll of enchant weapon {unknown}
 r - a scroll of noise {unknown}
Potions
 g - 2 potions of curing {unknown}
 h - a potion of mutation {unknown}
 j - a potion of heal wounds {unknown}
 l - 2 potions of haste {unknown}
 n - a potion of flight {unknown}
Comestibles
 d - 4 rations


   Skills:
 - Level 1.2 Short Blades
 - Level 3.1 Dodging
 + Level 10.3 Stealth
 - Level 2.9 Spellcasting
 - Level 3.8 Hexes


You had 7 spell levels left.
You knew the following spells:

 Your Spells              Type           Power        Failure   Level  Hunger
a - Corona                Hex            ##.....      4%          1    #......
b - Ensorcelled Hibernat  Hex/Ice        #.....       13%         2    ##.....

Your spell library contained the following spells:

 Spells                   Type           Power        Failure   Level  Hunger
 Confusing Touch          Hex            ##......     12%         3    ###....
 Tukima's Dance           Hex            ##......     12%         3    ###....
 Dazzling Flash           Conj/Hex       #.....       26%         3    ###....


Dungeon Overview and Level Annotations

Branches:
Dungeon (3/15)

Altars:
Hepliaklqana
Ru


Innate Abilities, Weirdness & Mutations

You are very small and have problems with some larger weapons.
You are too small for most types of armour.
You have supernaturally acute eyesight. (SInv)
You are a herbivore.
You cover ground extremely quickly.
You need to consume almost no food.


Message History

You climb upwards.
There is a stone staircase leading down here.
Casting: Ensorcelled Hibernation (safe; 13% risk of failure)
Confirm with . or Enter, or press ? or * to list all spells.
Aiming: Ensorcelled Hibernation (safe; 13% risk of failure)
Press: ? - help, Shift-Dir - straight line, f - gnoll
Aim: a gnoll, wielding a +0 flail (chance to defeat MR: 49%)
The gnoll resists with some effort.
The gnoll completely misses you. The gnoll closely misses you.
Casting: Ensorcelled Hibernation (safe; 13% risk of failure)
Confirm with . or Enter, or press ? or * to list all spells.
Aiming: Ensorcelled Hibernation (safe; 13% risk of failure)
Press: ? - help, Shift-Dir - straight line, f/p - gnoll
Aim: a gnoll, wielding a +0 flail (chance to defeat MR: 49%)
You miscast Ensorcelled Hibernation.
You are very lightly contaminated with residual magic.
Your skin tingles.
The gnoll hits you with a +0 club!
* * * LOW HITPOINT WARNING * * *
The gnoll hits you with a +0 flail!
You die...

.###.# #.# .....#
#######.#
..############..)....#
..##.............#####
..##.#########.#.#
..##.# #.#.#
..##.#########.#.#
...............#g#
..##..####.#####@#
..##..# #.# #g#
..##..####.### #.#
..##..##.....# #.#
..#<..##....>###.#
.................#
......#.......####
..............##
...............#


You could see 2 gnolls.

Vanquished Creatures
  An orc priest (D:3)
  2 orc wizards (D:3)
  Terence (D:3)
  Natasha (twice) (D:3)
  A gnoll (D:1)
  6 adders
  An ooze (D:1)
  A worm (D:3)
  2 dart slugs (D:1)
  4 leopard geckos
  4 orcs (D:3)
  11 bats
  3 giant cockroaches
  7 goblins
  6 hobgoblins
  2 jackals (D:1)
  3 frilled lizards (D:1)
  5 kobolds
  11 rats
73 creatures vanquished.

Notes
Turn   | Place    | Note
-------+----------+-------------------------------------------
     0 | D:1      | rednit the Spriggan Enchanter began the quest for the Orb.
     0 | D:1      | Reached XP level 1. HP: 9/9 MP: 5/5
   149 | D:1      | Reached XP level 2. HP: 12/13 MP: 6/6
   212 | D:1      | Reached skill level 5 in Stealth
   390 | D:1      | Learned a level 2 spell: Ensorcelled Hibernation
  1284 | D:1      | Reached XP level 3. HP: 16/16 MP: 8/8
  1309 | D:1      | Reached skill level 6 in Stealth
  1704 | D:2      | Reached skill level 7 in Stealth
  1704 | D:2      | Reached XP level 4. HP: 21/21 MP: 1/9
  2399 | D:2      | Found a sacrificial altar of Ru.
  2399 | D:2      | Found a hazy altar of Hepliaklqana.
  2802 | D:3      | Noticed Natasha
  2805 | D:3      | Killed Natasha
  2805 | D:3      | Reached skill level 8 in Stealth
  2897 | D:3      | Noticed Terence
  2922 | D:3      | Noticed Natasha
  3004 | D:3      | Reached XP level 5. HP: 19/24 MP: 7/10
  3007 | D:3      | Killed Terence
  3224 | D:3      | Reached skill level 9 in Stealth
  3295 | D:3      | Killed Natasha
  3332 | D:3      | Reached skill level 10 in Stealth
  3332 | D:3      | Reached XP level 6. HP: 28/28 MP: 9/11
  3390 | D:2      | Mangled by a gnoll

Levels and vault maps discovered:
D:1:      eino_arrival_water_cross, layout_basic
D:2:      layout_loops_ring, grunt_temple_overflow_open
D:3:      layout_loops_ring, kennysheep_generic_room_8, uniq_terence,
          uniq_natasha

Skill      XL: |  1  2  3  4  5 |
---------------+----------------+-----
Stealth        | 5 7 8 10 | 10.3
Short Blades   | |  1.2
Dodging        | |  3.1
Spellcasting   | |  2.9
Hexes          | |  3.8

Action                   |  1- 3 |  4- 6 || total
-------------------------+-------+-------++-------
Melee: Dagger            |   132 |    96 ||   228
Throw: Stone             |       |     1 ||     1
 Cast: Corona            |    23 |     2 ||    25
       Ensorcelled Hiber |     6 |    22 ||    28
  Use: Scroll            |       |     3 ||     3
 Stab: Distracted        |     2 |     1 ||     3
       Sleeping          |     4 |    23 ||    27
  Eat: Ration            |       |     1 ||     1
Armor: Robe              |    15 |    11 ||    26
Dodge: Dodged            |   125 |    91 ||   216

Table legend:
 A = Non-vault XP
 B = Vault XP
 C = Vault XP percentage of total XP
 D = Non-vault monster count
 E = Vault monster count
 F = Vault count percentage of total count
                 A         B        C        D         E       F
            +---------+---------+-------+---------+---------+-------
      Total |     359 |      71 |  16.5 |      71 |       2 |   2.7
            +---------+---------+-------+---------+---------+-------
        D:1 |      70 |       0 |   0.0 |      32 |       0 |   0.0
        D:2 |      55 |       0 |   0.0 |      19 |       0 |   0.0
        D:3 |     234 |      71 |  23.3 |      20 |       2 |   9.1
            +---------+---------+-------+---------+---------+-------
